 Dungeon Crawl Stone Soup version 0.29-a0-1027-gcd8c55af63 (webtiles) character file.

Game seed: 16227019350078986654

0 flotson the Sneak (level 1, 0/18 HPs)
             Began as a Demonspawn Delver on Aug 12, 2022.
             Succumbed to a scorpion's poison
             ... on level 4 of the Dungeon.
             The game lasted 00:00:46 (91 turns).

flotson the Sneak (Demonspawn Delver)                 Turns: 91, Time: 00:00:47

Health: 0/18       AC:  5    Str: 12    XL:     1   Next: 8%
Magic:  1/1        EV: 10    Int: 11    God:
Gold:   0          SH:  0    Dex: 14    Spells: 0/0 levels left

rFire   . . .      SeeInvis .   a - +0 hand axe
rCold   . . .      Faith    .   (no shield)
rNeg    . . .      Spirit   .   i - +0 ring mail
rPois   .          Reflect  .   (no helmet)
rElec   .          Harm     .   (no cloak)
rCorr   .          Rampage  .   (no gloves)
Will    .....                   (no boots)
Stlth   ++........              (no amulet)
HPRegen 0.06/turn               (no ring)
MPRegen 0.07/turn               (no ring)

@: lethally poisoned (0 -> -15)
A: no striking features
a: no special abilities


You were on level 4 of the Dungeon.
You visited 1 branch of the dungeon, and saw 2 of its levels.

Inventory:

Hand Weapons
 a - a +0 hand axe (weapon)
Armour
 i - a +0 ring mail (worn)
Wands
 g - a wand of digging (2)
Scrolls
 c - a scroll of fog
 h - a scroll of blinking {unknown}
Potions
 f - a potion of haste


   Skills:
 + Level 3.0 Fighting
 - Level 1.7 Axes
 + Level 0.0 Armour
 + Level 1.7 Dodging
 - Level 4.5 Stealth


You couldn't memorise any spells.
You didn't know any spells.
Your spell library was empty.

Dungeon Overview and Level Annotations

Branches:
Dungeon (5/15)             Temple (0/1) D:4

Altars:

Annotations:
D:5 Pikel


Message History

You hit the giant cockroach. You hit the gnoll.
The giant cockroach bites you but does no damage.
The gnoll barely misses you. x2; The giant cockroach bites you.
The gnoll barely misses you. x2
Unknown command.
The giant cockroach closely misses you.
The giant cockroach attacks as you move away!
The giant cockroach closely misses you.
The giant cockroach bites you but does no damage.
As you read the scroll of magic mapping, it crumbles to dust.
You feel aware of your surroundings.
You sensed 1 altar.
The giant cockroach bites you.
The giant cockroach attacks as you move away!
The giant cockroach bites you but does no damage.
The giant cockroach closely misses you.
Found a spear.
The giant cockroach closely misses you.
The giant cockroach attacks as you move away!
The giant cockroach bites you but does no damage.
A scorpion comes into view.
A ball python comes into view.
The giant cockroach attacks as you move away!
The giant cockroach closely misses you.
The ball python hisses angrily.
The giant cockroach closely misses you.
Found an escape hatch in the floor.
The ball python bites you but does no damage.
The ball python closely misses you.
The giant cockroach waves its antennae.
The ball python barely misses you. The ball python grabs you.
The ball python constricts you.
You escape the ball python's grasp.
Found an inky potion.
The scorpion stings you.
You are lethally poisoned!
The scorpion poisons you! The scorpion stings you.
* * * LOW HITPOINT WARNING * * *
As you read the scroll of fear, it crumbles to dust.
You assume a fearsome visage.
The ball python looks frightened!
The giant cockroach looks frightened!
The gnoll looks frightened! x2
The scorpion looks frightened!
You die...

....#############....)..,,,,,,*
.)...........g....#***,******,*
....#############.# *,#*****,*
....# #.#***..,,,,,,* ....#**
#g#*,..,,,,,,,* .#....#
*########.##.#*****,,,**
.#.##.#**.......g....# *,,,,,*
.#.#*...,..>....BS##.# **,,,***
.#.#**###.######@.#*,# **,,,,,
.#.#*****.!......s.#,* *,****
,...,,,,,.#....###...# *,****
*#.******,#.##.* *...#******,,,,,
*,* *,#,*#,***.#...,,,,,,****
*,******,*,**,,,,.####.,**,,****
*,,,,,,,,*,****,***,,,,,,,,,,,,,
**,*****,,,*****,,,,,,,,,***,****
,,,*,,,*,,,**~~*,,,<,,,,,,,*,*


You could see a scorpion (fleeing), 2 gnolls, a giant cockroach (fleeing) and a
ball python (fleeing).

Vanquished Creatures
  A kobold (D:4)
1 creature vanquished.

Notes
Turn   | Place    | Note
-------+----------+-------------------------------------------
     0 | D:5      | flotson the Demonspawn Delver began the quest for the Orb.
     0 | D:5      | Reached XP level 1. HP: 18/18 MP: 1/1
    10 | D:5      | Noticed an iguana
    38 | D:5      | Noticed Pikel
    38 | D:5      | Noticed a lemure
    38 | D:5      | Noticed a lemure
    39 | D:5      | Noticed a lemure
    40 | D:5      | Noticed a lemure
    83 | D:4      | Noticed a scorpion
    91 | D:4      | Succumbed to a scorpion's poison

Illustrated notes

Levels and vault maps discovered:
D:4:      layout_loops_ring, grunt_ashenzari_visionary
          [grunt_ashenzari_visionary_swamp, grunt_ashenzari_visionary_snake],
          minmay_temple_entry_butterflies, gammafunk_ghost_icy
D:5:      layout_loops_corners, uniq_pikel

Action                   || total
-------------------------++-------
Melee: Hand axe          ||     5
Evoke: Wand              ||     1
  Use: Scroll            ||     2
Armor: Ring mail         ||     5
Dodge: Dodged            ||    16

Table legend: (Time is in decaauts)
 A = Elapsed time spent in this place.
 B = Non-inter-level travel time spent in this place.
 C = Inter-level travel time spent in this place.
 D = Time resting spent in this place.
 E = Time spent auto-exploring this place.
 F = Levels seen in this place.
 G = Mean time per level.
                   A        B        C        D        E       F      G
               +--------+--------+--------+--------+--------+-----+--------+
         Total |     91 |     91 |      0 |      0 |      8 |   2 |   45.5 |
       Dungeon |     91 |     91 |      0 |      0 |      8 |   2 |   45.5 |
               +--------+--------+--------+--------+--------+-----+--------+

Top non-repeatable levels by time:
     D:5: 57 daAuts
     D:4: 34 daAuts
